 Dungeon Crawl Stone Soup version 0.31.0-11-ge490571c62 (webtiles) character file.

Game seed: 634494246891258864

536 qw the Shooter (level 7, -3/35 HPs)
             Began as a Spriggan Hunter on Feb 5, 2024.
             Incinerated by a bombardier beetle (4 damage)
             ... with a burning spray
             ... on level 4 of the Dungeon.
             The game lasted 00:01:12 (2206 turns).

qw the Shooter (Spriggan Hunter)                    Turns: 2206, Time: 00:01:13

Health: -3/35      AC:  2    Str:  7    XL:     7   Next: 4%
Magic:  8/8        EV: 22    Int: 10    God:
Gold:   255        SH:  0    Dex: 21    Spells: 6/6 levels left

rFire   . . .        a - +0 shortbow (heavy)
rCold   . . .        (shield currently unavailable)
rNeg    . . .        c - +0 robe
rPois   .            (helmet restricted)
rElec   .            (no cloak)
rCorr   .            (gloves unavailable)
SInv    +            (boots unavailable)
Will    +....        (no amulet)
Stlth   +            (no ring)
HPRegen 0.25/turn    (no ring)
MPRegen 0.11/turn

%: no passive effects
@: on fire, glowing, very quick
A: very small, no large weapons, unfitting armour, see invisible, speed 3
a: no special abilities


You were on level 4 of the Dungeon.
You visited 1 branch of the dungeon, and saw 4 of its levels.

You collected 255 gold pieces.


Innate Abilities, Weirdness & Mutations

You are very small and have problems with some larger weapons.
You are too small for most types of armour.
You have supernaturally acute eyesight. (SInv)
You cover ground extremely quickly. (Speed+++)


   Skills:
 - Level 2.0 Fighting
 - Level 7.1 Ranged Weapons
 + Level 6.2 Dodging
 - Level 1.5 Stealth


You had 6 spell levels left.
You didn't know any spells.
Your spell library was empty.

Inventory:

Hand Weapons
 a - a +0 heavy shortbow (weapon)
Armour
 c - a +0 robe (worn)
Jewellery
 b - a ring of fire
Scrolls
 e - a scroll of noise {unknown}
Potions
 d - a potion of resistance
 f - a potion of curing
 g - a potion of brilliance {unknown}
 h - a potion of enlightenment {unknown}

Dungeon Overview and Level Annotations

Branches:
Dungeon (4/15)
 Temple: D:4-7

Altars:
Ashenzari
Nemelex Xobeh
Sif Muna

Annotations:
D:2 1 runed translucent door, Crazy Yiuf


Message History

A bombardier beetle comes into view.
You shoot an arrow. The arrow hits the bombardier beetle!
The bombardier beetle is severely wounded.
You shoot an arrow. The arrow hits the bombardier beetle.
The bombardier beetle is almost dead.
You shoot an arrow.
The arrow barely misses the bombardier beetle.
The bombardier beetle sprays incendiary fluid at you.
The burning spray misses you.
You shoot an arrow.
The arrow hits the bombardier beetle but does no damage.
The bombardier beetle is almost dead.
You shoot an arrow.
The arrow hits the bombardier beetle but does no damage.
The bombardier beetle is almost dead.
The bombardier beetle waves its antennae.
You shoot an arrow.
The arrow closely misses the bombardier beetle.
The bombardier beetle sprays incendiary fluid at you.
The burning spray hits you.
You are covered in liquid fire!
You shoot an arrow. The arrow hits the bombardier beetle.
You kill the bombardier beetle!
The liquid fire burns you!
You have reached level 7!
You are on fire!
The liquid fire burns you!
You are on fire!
The liquid fire burns you!
You are on fire!
The liquid fire burns you!
You are on fire!
The liquid fire burns you!
You are on fire!
The liquid fire burns you!
You are on fire!
The liquid fire burns you!
You are on fire!
The liquid fire burns you!
You die...

#........## ##
#........# ##. .##
#.#####..####.. ...#
#.# #..##...# ....# #.#
##.)....##
.....#####.####.....###
#..%..#...........##
#.......#..#####.[#
#...>@.##..# ##.#
##.###..#..# .# #
##.#..# .. #....# #.#
##...# .. ##..# ##.#
##..# #..##


There were no monsters in sight!

Vanquished Creatures
  Sigmund (D:4)
  Menkaure (D:4)
  A black bear (D:4)
  A bombardier beetle (D:4)
  5 adders
  3 gnolls (D:3)
  2 dart slugs (D:1)
  2 orcs (D:4)
  2 ball pythons
  4 endoplasms (D:1)
  2 giant cockroaches
  3 goblins
  3 hobgoblins (D:2)
  7 jackals
  4 quokkas
  3 bats
  2 frilled lizards (D:1)
  5 kobolds
  3 rats
54 creatures vanquished.

Notes
Turn   | Place    | Note
-------+----------+-------------------------------------------
     0 | D:1      | qw the Spriggan Hunter began the quest for the Orb.
     0 | D:1      | Reached XP level 1. HP: 10/10 MP: 2/2
     0 | D:1      | 0 ||| qw: Version: 0.3-a-160-g6735b56
     0 | D:1      | 0 ||| qw: Game counter: 6520
     0 | D:1      | 0 ||| qw: Melee chars always use a shield: true
     0 | D:1      | 0 ||| qw: God list: Okawaru
     0 | D:1      | 0 ||| qw: Allow faded altars: false
     0 | D:1      | 0 ||| qw: Do Orc after clearing Dungeon:15 true
     0 | D:1      | 0 ||| qw: Do second Lair branch before Depths: true
     0 | D:1      | 0 ||| qw: Lair rune preference: random
     0 | D:1      | 0 ||| qw: Goals: Normal
     0 | D:1      | 0 ||| PLANNING D:1-11
    19 | D:1      | Reached skill level 3 in Dodging
    64 | D:1      | Reached XP level 2. HP: 14/14 MP: 3/3
   452 | D:1      | 452 ||| READING scroll labelled GOOGESE CEMNI.
   453 | D:1      | 453 ||| DRINKING 2 fuming sapphire potions.
   454 | D:1      | 454 ||| DRINKING 2 sedimented ruby potions.
   455 | D:1      | 455 ||| DROPPING scroll of butterflies.
   456 | D:1      | 456 ||| DROPPING potion of invisibility.
   457 | D:1      | 457 ||| DROPPING potion of attraction.
   610 | D:2      | Reached XP level 3. HP: 8/18 MP: 4/4
   611 | D:2      | HP: 3/18 [adder (2)]
   677 | D:2      | Found a sparkling altar of Nemelex Xobeh.
   907 | D:2      | Found a runed translucent door.
   908 | D:2      | Noticed Crazy Yiuf
  1043 | D:2      | 1043 ||| READING scroll labelled YWOKOKLIEFF.
  1191 | D:2      | 1191 ||| READING scroll labelled RAVEOTR QIOMP.
  1192 | D:2      | 1192 ||| READING 3 scrolls labelled FUMYAR JUSOP.
  1192 | D:2      | 1192 ||| IDENTIFYING 2 grey potions
  1193 | D:2      | 1193 ||| READING 2 scrolls of identify.
  1193 | D:2      | 1193 ||| IDENTIFYING 2 black potions
  1194 | D:2      | 1194 ||| DROPPING 2 potions of lignification.
  1232 | D:3      | Reached skill level 5 in Ranged Weapons
  1237 | D:3      | Reached XP level 4. HP: 12/22 MP: 5/5
  1466 | D:3      | Found a shimmering blue altar of Sif Muna.
  1490 | D:3      | Found a broken altar of Ashenzari.
  1948 | D:3      | 1948 ||| DROPPING +6 ring of intelligence.
  1949 | D:3      | 1949 ||| READING scroll of identify.
  1949 | D:3      | 1949 ||| IDENTIFYING golden potion
  1950 | D:3      | 1950 ||| READING scroll labelled IFAFYK QANGAN.
  1951 | D:3      | 1951 ||| READING scroll labelled XITOSA SAEXYO.
  1951 | D:3      | 1951 ||| BRANDING +0 shortbow.
  2010 | D:4      | Noticed Sigmund
  2018 | D:4      | 2018 ||| DRINKING 2 potions of curing.
  2018 | D:4      | 2018 ||| (to cure confusion)
  2019 | D:4      | Killed Sigmund
  2020 | D:4      | Reached skill level 6 in Ranged Weapons
  2020 | D:4      | Reached XP level 5. HP: 26/26 MP: 6/6
  2020 | D:4      | Reached XP level 6. HP: 30/30 MP: 7/7
  2024 | D:4      | Reached skill level 6 in Dodging
  2166 | D:4      | Noticed Menkaure
  2168 | D:4      | Killed Menkaure
  2169 | D:4      | Reached skill level 7 in Ranged Weapons
  2200 | D:4      | Reached XP level 7. HP: 26/35 MP: 8/8
  2204 | D:4      | HP: 7/35 [burnt (5)]
  2205 | D:4      | HP: 1/35 [burnt (6)]
  2206 | D:4      | Incinerated by a bombardier beetle

Levels and vault maps discovered:
D:1:      eino_arrival_water_star, layout_rooms, minmay_statues_item,
          minmay_misc_feat_iff, minmay_misc_feat_encased
D:2:      layout_loops_ring, basic_altar, minmay_pentomino_q4,
          uniq_crazy_yiuf_cottage
D:3:      layout_basic, mainiacjoe_overflow_catwalk,
          nicolae_overflow_crystal_walls
D:4:      layout_layer_cave, nicolae_ru_sacrificial_ziggurat,
          kennysheep_generic_room_8, uniq_menkaure, uniq_edmund, uniq_sigmund

Skill      XL: |  1  2  3  4  5  6 |
---------------+-------------------+-----
Dodging        | 3 4 5 6 |  6.2
Ranged Weapons | 5 6 7 |  7.1
Fighting       | 2 |  2.0
Stealth        | |  1.5

Action                     |  1- 3 |  4- 6 |  7- 9 || total
---------------------------+-------+-------+-------++-------
   Fire: Shortbow          |    91 |    62 |       ||   153
    Use: Potion            |     2 |     1 |       ||     3
         Scroll            |     5 |     3 |       ||     8
 Armour: Robe              |    12 |     3 |       ||    15
  Dodge: Dodged            |    35 |    19 |       ||    54

Table legend:
 A = Non-vault XP
 B = Vault XP
 C = Vault XP percentage of total XP
 D = Non-vault monster count
 E = Vault monster count
 F = Vault count percentage of total count
                 A         B        C        D         E       F
            +---------+---------+-------+---------+---------+-------
      Total |     363 |     404 |  52.7 |      50 |       4 |   7.4
            +---------+---------+-------+---------+---------+-------
        D:1 |      31 |       0 |   0.0 |      16 |       0 |   0.0
        D:2 |      40 |       3 |   7.0 |       9 |       2 |  18.2
        D:3 |     101 |       0 |   0.0 |      15 |       0 |   0.0
        D:4 |     191 |     401 |  67.7 |      10 |       2 |  16.7
            +---------+---------+-------+---------+---------+-------
